 Dungeon Crawl Stone Soup version 0.20.1-1-g8b1a95d (webtiles) character file.

6692 lydgate the Blocker (level 11, 0/64 HPs)
             Began as a Gargoyle Fighter on Dec 11, 2017.
             Was a Priest of Makhleb.
             Slain by a two-headed ogre
             ... wielding a +0 giant club
              (14 damage)
             ... on level 9 of the Dungeon.
             The game lasted 01:36:03 (9491 turns).

lydgate the Blocker (Gargoyle Fighter)              Turns: 9491, Time: 01:36:04

Health: 0/64       AC: 23    Str: 26 (28) XL:     11   Next: 3%
Magic:  13/13      EV: 10    Int: 10 (11) God:    Makhleb [***...]
Gold:   433        SH: 18    Dex: 12 (15) Spells: 1/12 levels left

rFire    x . .     SeeInvis .   K - +1 mace of Forgiveness {holy, Str+5 Dex+3}
rCold    + . .     Gourm    .   A - +0 large shield
rNeg     + . .     Faith    +   u - +1 scale mail of the Evil One {Str+3}
rPois    ∞         Spirit   .   r - +2 helmet
rElec    +         Reflect  .   (no cloak)
rCorr    +         Harm     .   d - +2 pair of gloves
MR       .....                  (no boots)
Stlth    +.........             y - amulet of faith
Regen    0.2/turn               e - ring of ice
MPRegen  0.2/turn               S - ring of resist corrosion

@: about to teleport
A: repulsion field 1, clever 1, negative energy resistance 1, electricity
resistance, unbreathing, petrification resistance, rot immunity, AC +7
a: Minor Destruction, Lesser Servant of Makhleb, Renounce Religion


You were on level 9 of the Dungeon.
You worshipped Makhleb.
Makhleb was most pleased with you.
You were hungry.

You visited 2 branches of the dungeon, and saw 10 of its levels.
You also visited: Sewer.

You collected 633 gold pieces.
You spent 200 gold pieces at shops.

Inventory:

Hand Weapons
 b - a +3 whip of freezing
 w - a +1 flail
 K - the +1 mace of Forgiveness (weapon) {holy, Str+5 Dex+3}
   (You bought it in a shop on level 6 of the Dungeon)

   It has been blessed by the Shining One to cause great damage to the undead
   and demons.
   It affects your strength (+5).
   It affects your dexterity (+3).
Missiles
 P - 4 javelins (quivered)
Armour
 d - a +2 pair of gloves (worn)
 r - a +2 helmet (worn)
 u - the +1 scale mail of the Evil One (worn) {Str+3}
   (You found it in a sewer)

   It affects your strength (+3).
 A - a +0 large shield (worn)
 L - a +1 plate armour of cold resistance
Jewellery
 e - a ring of ice (left hand)
 j - an uncursed ring of poison resistance
 n - an uncursed amulet of rage
 y - an amulet of faith (around neck)
 S - a ring of resist corrosion (right hand)
Wands
 i - a wand of confusion (11/48)
 q - a wand of flame (18/48)
 s - a wand of disintegration (14/24)
 x - a wand of paralysis (8/24)
 H - a wand of flame (10/48)
 I - a wand of acid (9/15)
 M - a wand of polymorph (16/24)
 Q - a wand of disintegration (4/24)
Scrolls
 a - 2 scrolls of teleportation
 k - a scroll of amnesia
 o - 2 scrolls of recharging
 p - 3 scrolls of magic mapping
Potions
 g - a potion of mutation
 h - 13 potions of curing
 l - 2 potions of flight
 m - a potion of cancellation
 C - 2 potions of heal wounds
 D - 2 potions of brilliance
 E - 3 potions of might
 F - a potion of berserk rage {unknown}
 J - 2 potions of lignification
 R - a potion of invisibility
Books
 c - a book of Battle

   Spells                             Type                      Level
   a - Infusion                       Charms                       1
   b - Shroud of Golubria             Charms/Translocation         2
   c - Song of Slaying                Charms                       2
   d - Spectral Weapon                Hexes/Charms                 3
   e - Regeneration                   Charms/Necromancy            3
 B - a book of Conjurations

   Spells                             Type                      Level
   a - Magic Dart                     Conjuration                  1
   b - Searing Ray                    Conjuration                  2
   c - Dazzling Spray                 Conjuration/Hexes            3
   d - Fulminant Prism                Conjuration/Hexes            4
   e - Force Lance                    Conjuration/Translocation    4
   f - Iskenderun's Mystic Blast      Conjuration                  4
Comestibles
 f - 12 bread rations
 t - a meat ration
 G - a royal jelly


   Skills:
 + Level 5.9 Fighting
 + Level 8.6 Maces & Flails
 + Level 4.3 Throwing
 + Level 7.2 Armour
 + Level 2.7 Dodging
 + Level 3.1 Stealth
 + Level 10.1 Shields
 + Level 1.0 Spellcasting
 + Level 0.6 Charms
 + Level 3.7 Invocations
 + Level 2.1 Evocations


You had one spell level left.
You knew the following spells:

 Your Spells              Type           Power        Failure   Level  Hunger
a - Infusion              Chrm           #...         98%         1    ##.....
b - Shroud of Golubria    Chrm/Tloc      #.........   100%        2    ###....
c - Song of Slaying       Chrm           #.......     99%         2    ###....
d - Spectral Weapon       Hex/Chrm       #.......     100%        3    ####...
e - Regeneration          Chrm/Necr      #.........   100%        3    ####...


Dungeon Overview and Level Annotations

Branches:
Dungeon (9/15)             Temple (1/1) D:4            Lair (0/6) D:9
    Orc: D:9-12

Altars:
Ashenzari
Cheibriados
Dithmenos
Elyvilon
Fedhas
Gozag
Hepliaklqana
Kikubaaqudgha
Makhleb
Nemelex Xobeh
Okawaru
Qazlal
Ru
Sif Muna
Trog
Uskayaw
Vehumet
Xom
Yredelemnul
Zin
The Shining One

Shops:
D:6 (


Innate Abilities, Weirdness & Mutations

You are resistant to torment.
Your stone body is resilient. (AC +7)
You are immune to poison.
You resist negative energy. (rN+)
You are resistant to electric shocks. (rElec)
You can survive without breathing.
You are immune to petrification.
You are immune to rotting.
You are surrounded by a mild repulsion field. (EV +2)
Your mind is acute. (Int +2)


Message History

The centaur warrior closely misses you.
A two-headed ogre comes into view. It is wielding two giant clubs.
The two-headed ogre shouts in stereo!
The centaur warrior wields an uncursed longbow.
The centaur warrior shoots an arrow.
The arrow hits you!!
* * * LOW HITPOINT WARNING * * *
You see here an arrow.
You feel much better.
The centaur warrior shoots an arrow.
You block the arrow.
As you read the scroll of teleportation, it crumbles to dust.
You feel strangely unstable.
The centaur warrior unwields an uncursed longbow.
The centaur warrior hits you but does no damage.
The centaur warrior wields an uncursed longbow.
The centaur warrior shoots an arrow.
The arrow hits you!
* * * LOW HITPOINT WARNING * * *
You see here an arrow.
A demon appears!
You can no longer hurl Makhleb's greater destruction.
The two-headed ogre hits you with a giant club!
You die...

# ##.#.#.#.##..#...#..#..#†.###..
#.#.........#...#.#...#..##)#....
...#.#.#.#.#.....#.......))......
#.#.........#..)#.#...#...)..)...
####.#.#.#.##..#...#..#...=......
#.........#.#.....#.#..........
##.#.#.#.###.......##..........
####.#########O#####....)..###
#.# #...@.(## #.......# #.#
#####(4.# #.......# .#
##c.#.#.......# #.##.#.......#
.##........### .#....#.....#
..##..##.....# #. ### #..)..# ##
#.....#


You could see a centaur warrior, a two-headed ogre and a friendly hellwing.

Vanquished Creatures
  3 two-headed ogres (D:9)
  An elephant (D:9)
  A troll (D:9)
  A spriggan (D:7)
  Sigmund (D:2)
  A basilisk (D:9)
  A hungry ghost (D:8)
  An ice beast (D:6)
  A sky beast (D:5)
  A black bear (D:9)
  2 orc warriors
  2 phantoms (D:4)
  5 ogres
  A centaur (D:7)
  A crocodile (D:9)
  The ghost of schauveau the Digger, an amateur GrEE (Sewer)
  4 big kobolds
  3 bullfrogs
  A killer bee (D:9)
  An electric eel (D:7)
  4 howler monkeys
  3 crimson imps
  2 hounds
  A quasit (D:5)
  A jelly (D:8)
  An orc priest (D:7)
  7 orc wizards
  Jessica (D:2)
  2 iguanas
  4 worker ants
  A killer bee zombie (D:6)
  4 hound zombies
  A hound skeleton (D:6)
  12 gnolls
  13 adders
  8 river rats
  A shadow imp (D:7)
  3 oozes
  5 worms
  A dart slug (D:4)
  2 leopard geckos
  27 orcs
  6 ball pythons
  9 bats
  4 giant cockroaches
  10 goblins
  6 hobgoblins
  11 jackals
  2 quokkas
  6 frilled lizards
  A jackal skeleton (D:4)
  26 kobolds
  25 rats
243 creatures vanquished.

Vanquished Creatures (collateral kills)
  A two-headed ogre (D:8)
  A hippogriff (D:9)
  3 hungry ghosts
  A black bear (D:8)
  An ice beast (D:9)
  An ogre (D:8)
  A bullfrog (D:9)
  2 killer bees (D:9)
  A crimson imp (D:9)
  A hound (D:9)
  2 orc priests
  2 orc wizards (D:9)
  A shadow imp (D:8)
  10 orcs
28 creatures vanquished.

Grand Total: 271 creatures vanquished

Notes
Turn   | Place    | Note
-------+----------+-------------------------------------------
     0 | D:1      | lydgate the Gargoyle Fighter began the quest for the Orb.
     0 | D:1      | Reached XP level 1. HP: 14/14 MP: 1/1
   166 | D:1      | Reached XP level 2. HP: 18/19 MP: 2/2
   561 | D:1      | Reached XP level 3. HP: 24/24 MP: 3/3
   989 | D:2      | Noticed Jessica
   991 | D:2      | Killed Jessica
   991 | D:2      | Reached skill level 4 in Shields
   991 | D:2      | Reached XP level 4. HP: 25/29 MP: 4/4
  1174 | D:2      | Reached skill level 1 in Dodging
  1276 | D:2      | Noticed Sigmund
  1686 | D:2      | Killed Sigmund
  1686 | D:2      | Reached skill level 1 in Throwing
  1686 | D:2      | Reached XP level 5. HP: 33/33 MP: 5/5
  1686 | D:2      | Reached XP level 6. HP: 38/38 MP: 6/6
  2409 | D:3      | Gained mutation: Your mind is acute. (Int +2) [potion of mutation]
  2409 | D:3      | Gained mutation: You are surrounded by a mild repulsion field. (EV +2) [potion of mutation]
  2621 | D:3      | Reached skill level 5 in Shields
  3024 | D:4      | Noticed a phantom
  3061 | D:4      | Killed a phantom
  3061 | D:4      | Reached XP level 7. HP: 37/43 MP: 7/7
  3145 | D:3      | Reached skill level 5 in Maces & Flails
  3695 | D:4      | Found a staircase to the Ecumenical Temple.
  3703 | Temple   | Entered the Ecumenical Temple
  3794 | Temple   | Became a worshipper of Makhleb the Destroyer
  3900 | D:5      | Entered Level 5 of the Dungeon
  3941 | D:5      | Reached XP level 8. HP: 48/48 MP: 8/8
  3942 | D:5      | Reached skill level 6 in Shields
  4114 | D:5      | Reached skill level 5 in Armour
  4422 | D:5      | Found a glowing drain.
  4427 | Sewer    | Entered a sewer
  4430 | Sewer    | Noticed schauveau's ghost (amateur GrEE)
  4443 | Sewer    | Killed schauveau's ghost
  4460 | Sewer    | Reached * piety under Makhleb
  4580 | Sewer    | Reached skill level 7 in Shields
  4819 | Sewer    | Reached ** piety under Makhleb
  4841 | Sewer    | Reached XP level 9. HP: 46/53 MP: 9/9
  5141 | Sewer    | Got a shimmering scale mail
  5152 | Sewer    | Identified the cursed +1 scale mail of the Evil One {Str+3} (You found it in a sewer)
  5666 | D:6      | Reached skill level 5 in Fighting
  6019 | D:6      | Reached skill level 1 in Evocations
  6120 | D:6      | Learned a level 1 spell: Infusion
  6123 | D:6      | Learned a level 2 spell: Shroud of Golubria
  6125 | D:6      | Found Guurghaj's Antique Weapon Emporium.
  6138 | D:6      | Bought an ancient mace for 200 gold pieces
  6140 | D:6      | Identified the +1 mace of Forgiveness {holy, Str+5 Dex+3} (You bought it in a shop on level 6 of the Dungeon)
  6238 | D:6      | Found a shattered altar of Ashenzari.
  6243 | D:6      | Found a white marble altar of Elyvilon.
  6308 | D:6      | Found a bloodstained altar of Trog.
  6309 | D:6      | Found an iron altar of Okawaru.
  6579 | D:7      | Reached skill level 8 in Shields
  6624 | D:7      | Reached skill level 1 in Spellcasting
  6636 | D:7      | Reached skill level 1 in Invocations
  6806 | D:7      | Reached *** piety under Makhleb
  7307 | D:7      | You fall through a shaft!
  7586 | D:8      | Reached skill level 1 in Stealth
  7586 | D:8      | Reached XP level 10. HP: 59/59 MP: 11/11
  7935 | D:8      | Found a glowing silver altar of Zin.
  8400 | D:8      | Noticed a two-headed ogre
  8468 | D:8      | Killed a two-headed ogre
  8468 | D:8      | Reached skill level 9 in Shields
  8985 | D:9      | Noticed a two-headed ogre
  9002 | D:9      | Killed a two-headed ogre
  9068 | D:9      | Noticed a two-headed ogre
  9080 | D:9      | Killed a two-headed ogre
  9130 | D:9      | Noticed a two-headed ogre
  9151 | D:9      | Killed a two-headed ogre
  9266 | D:9      | Noticed an elephant
  9284 | D:9      | Reached **** piety under Makhleb
  9298 | D:9      | Killed an elephant
  9298 | D:9      | Reached skill level 10 in Shields
  9301 | D:9      | Reached XP level 11. HP: 63/64 MP: 13/13
  9340 | D:9      | Found a staircase to the Lair.
  9393 | D:9      | Learned a level 2 spell: Song of Slaying
  9397 | D:9      | Learned a level 3 spell: Spectral Weapon
  9401 | D:9      | Learned a level 3 spell: Regeneration
  9471 | D:9      | Noticed a centaur warrior
  9487 | D:9      | Noticed a two-headed ogre
  9491 | D:9      | Slain by a two-headed ogre

Skill      XL: |  1  2  3  4  5  6  7  8  9 10 |
---------------+-------------------------------+-----
Shields        | 4 5 7 8 10 | 10.1
Dodging        | 1 2 |  2.7
Maces & Flails | 3 4 5 6 8 |  8.6
Throwing       | 1 2 4 |  4.3
Armour         | 4 5 7 |  7.2
Fighting       | 4 5 |  5.9
Evocations     | 1 2 |  2.1
Spellcasting   | 1 |  1.0
Invocations    | 2 3 |  3.7
Stealth        | 1 3 |  3.1
Charms         | |  0.6

Action                   |  1- 3 |  4- 6 |  7- 9 | 10-12 || total
-------------------------+-------+-------+-------+-------++-------
Melee: Flail             |   119 |   161 |       |       ||   280
       Whip              |       |    69 |   501 |    24 ||   594
       Mace              |       |       |    77 |    92 ||   169
Throw: Javelin           |     2 |    28 |    35 |    23 ||    88
       Stone             |     1 |       |       |       ||     1
Invok: Minor Destruction |       |       |     8 |     6 ||    14
       Lesser Servant of |       |       |     2 |     8 ||    10
 Abil: Evoke Berserk Rag |       |     2 |     1 |       ||     3
Evoke: Wand              |       |       |    13 |     5 ||    18
  Use: Scroll            |       |     9 |    13 |     6 ||    28
       Potion            |       |     4 |     6 |     4 ||    14
 Stab: Invisible         |       |       |     2 |       ||     2
       Distracted        |       |       |       |     1 ||     1
  Eat: Chunk             |     1 |     4 |     5 |       ||    10
       Bread ration      |       |     1 |       |       ||     1
       Meat ration       |       |       |     2 |     1 ||     3
       Royal jelly       |       |       |     1 |       ||     1
       Fruit             |       |       |     1 |       ||     1
Armor: Scale mail        |   112 |     6 |     7 |    47 ||   172
       Plate armour      |       |   154 |   251 |     1 ||   406
Dodge: Dodged            |    55 |    53 |   109 |    51 ||   268
Block: Shield            |    94 |   138 |   193 |       ||   425
       Large shield      |       |       |   169 |   155 ||   324
